 Dungeon Crawl Stone Soup version 0.28.0-43-g3370ac3207 (webtiles) character file.

Game seed: 14437550099712473628

126 sanboga the Shield-Bearer (level 5, -1/33 HPs)
             Began as a Gargoyle Fighter on Mar 2, 2022.
             Killed by divine providence
             ... invoked by an orc priest
              (14 damage)
             ... on level 3 of the Dungeon.
             The game lasted 00:02:51 (2287 turns).

sanboga the Shield-Bearer (Gargoyle Fighter)        Turns: 2287, Time: 00:02:52

Health: -1/33      AC: 14    Str: 21    XL:     5   Next: 10%
Magic:  5/5        EV:  7    Int:  9    God:
Gold:   111        SH:  4    Dex:  9    Spells: 4/4 levels left

rFire   . . .      SeeInvis .   a - +0 war axe
rCold   . . .      Faith    .   c - +0 buckler
rNeg    + . .      Spirit   .   i - +0 chain mail
rPois   ∞          Reflect  .   (no helmet)
rElec   +          Harm     .   h - +0 cloak
rCorr   +          Rampage  .   (no gloves)
Will    .....                   (no boots)
Stlth   ..........              (no amulet)
HPRegen 0.11/turn               f - ring of resist corrosion
MPRegen 0.09/turn               (no ring)

@: mighty
A: sickness immunity, AC +4, negative energy resistance 1, electricity
resistance, torment resistance 1, petrification resistance
a: no special abilities


You were on level 3 of the Dungeon.
You visited 1 branch of the dungeon, and saw 3 of its levels.

You collected 111 gold pieces.

Inventory:

Hand Weapons
 a - a +0 war axe (weapon)
Armour
 c - a +0 buckler (worn)
 h - a +0 cloak (worn)
 i - a +0 chain mail (worn)
Jewellery
 f - a ring of resist corrosion (left hand)
Scrolls
 b - 2 scrolls of magic mapping


   Skills:
 + Level 4.0 Fighting
 * Level 3.2 Axes
 + Level 4.0 Armour
 + Level 4.0 Shields


You had 4 spell levels left.
You didn't know any spells.
Your spell library contained the following spells:

 Spells                   Type           Power      Damage    Failure   Level
 Dazzling Flash           Conj/Hex       0%         N/A       100%        3
 Iskenderun's Mystic Bla  Conj/Tloc      0%         2d3       100%        4
 Starburst                Conj/Fire      0%         6d3       100%        6


Dungeon Overview and Level Annotations

Branches:
Dungeon (3/15)

Altars:


Innate Abilities, Weirdness & Mutations

You are immune to sickness and miasma.
Your stone body is resilient. (AC +4)
You are immune to poison.
You resist negative energy. (rN+)
You are resistant to electric shocks. (rElec)
You are resistant to unholy torment.
You are immune to petrification.


Message History

You see here an adder corpse.
You open the door.
There is an open door here.
Found a scroll of amnesia.
An orc comes into view. It is wielding a +0 trident.
An orc and a kobold come into view.
The orc shouts!
The kobold shouts!
An orc priest and a worm come into view.
The orc priest shouts!
The orc priest casts a cantrip, but nothing happens.
An orc comes into view. It is wielding a +0 dagger.
The orc shouts!
The orc hits you with a +0 trident.
You slash the orc!
You kill the orc!
The orc hits you with a +0 war axe.
You slash the orc!
You kill the orc!
The orc priest invokes the aid of Beogh against you.
Beogh smites you!
You closely miss the kobold. You block the kobold's attack.
You hit the worm.
The worm is moderately wounded.
You barely miss the kobold. You slash the orc!
You kill the orc!
The kobold hits you but does no damage. The worm bites you.
You are too injured to fight recklessly!
You are too injured to fight recklessly!
You are too injured to fight recklessly!
You are too injured to fight recklessly!
You are too injured to fight recklessly!
You feel very mighty all of a sudden. The kobold barely misses you.
You slice the worm!!
You kill the worm!
You barely miss the kobold. You barely miss the orc priest.
The kobold barely misses you.
The orc priest calls down the wrath of Beogh upon you.
Beogh smites you!
You die...

.P..# .##....###......#
....#.#. #....# #......#
.#.##.# #....# #......#
.#.##.#.# #......#
.#......# ###+##......#
...#.####. #?..........#
##.#...... #.....#######
##...#######.....#######
...............!@.......
...............)Ko......
..........######.#######
####.[.##.# ... .......#
# ... #####..# .# #....
.......##.## #....
####......... ......
#.....####


You could see an orc priest and a kobold.

Vanquished Creatures
  Terence (D:3)
  A howler monkey zombie (D:3)
  3 adders
  2 worms
  3 orcs (D:3)
  4 endoplasms
  9 goblins
  3 hobgoblins
  8 jackals
  A kobold (D:1)
  2 quokkas (D:1)
  3 ball pythons (D:2)
  10 bats
  2 frilled lizards
  4 rats
56 creatures vanquished.

Vanquished Creatures (others)
  A fungus (D:1)
1 creature vanquished.

Grand Total: 57 creatures vanquished

Notes
Turn   | Place    | Note
-------+----------+-------------------------------------------
     0 | D:1      | sanboga the Gargoyle Fighter began the quest for the Orb.
     0 | D:1      | Reached XP level 1. HP: 14/14 MP: 1/1
   208 | D:1      | Reached XP level 2. HP: 19/19 MP: 2/2
   258 | D:1      | Found a faded altar of an unknown god.
   995 | D:2      | Reached XP level 3. HP: 22/23 MP: 3/3
  1894 | D:2      | Reached XP level 4. HP: 29/29 MP: 4/4
  2169 | D:3      | Noticed Terence
  2176 | D:3      | Killed Terence
  2254 | D:3      | Reached XP level 5. HP: 33/33 MP: 5/5
  2287 | D:3      | Killed from afar by an orc priest

Illustrated notes

Levels and vault maps discovered:
D:1:      minmay_arrival_open_corners, layout_loops_ring,
          shapermc_ecumenical_altar_ellora, minmay_pentomino_t4
D:2:      layout_loops_corners, kennysheep_generic_room_6
D:3:      layout_basic, mainiacjoe_overflow_24_doors, serial_undead,
          serial_undead_e, serial_undead_a, serial_undead_d, serial_undead_f,
          st_stairs_14, uniq_terence

Skill      XL: |  1  2  3  4 |
---------------+-------------+-----
Axes           | 2 3 |  3.2
Shields        | 4 |  4.0
Fighting       | 4 |  4.0
Armour         | 4 |  4.0

Action                   |  1- 3 |  4- 6 || total
-------------------------+-------+-------++-------
Melee: War axe           |   139 |    36 ||   175
  Use: Scroll            |       |     3 ||     3
       Potion            |       |     1 ||     1
Armor: Scale mail        |    31 |       ||    31
       Chain mail        |    64 |    19 ||    83
Dodge: Dodged            |    60 |    27 ||    87
Block: Buckler           |    29 |    10 ||    39
